 Dungeon Crawl Stone Soup version 0.27-a0-1321-gd358eaa319 (webtiles) character file.

Game seed: 4655016151834808795

818 Nattfarinn the Skirmisher (level 8, -9/62 HPs)
             Began as a Djinni Gladiator on June 22, 2021.
             Killed by divine providence
             ... invoked by an orc priest
              (11 damage)
             ... on level 5 of the Dungeon.
             The game lasted 00:09:16 (6009 turns).

Nattfarinn the Skirmisher (Djinni Gladiator)        Turns: 6009, Time: 00:09:17

Health: -9/62      AC: 12    Str: 14    XL:     8   Next: 16%
Gold:   281        EV:  7    Int: 11    God:
                   SH:  0    Dex: 15

rFire    + + .     SeeInvis .   v - +0 great sword
rCold    x . .     Faith    .   (shield currently unavailable)
rNeg     . . .     Spirit   .   z - +3 chain mail {Will+}
rPois    ∞         Reflect  .   c - +0 helmet
rElec    .         Harm     .   (no cloak)
rCorr    .         Rampage  .   (no gloves)
Will     +....                  (boots unavailable)
Stlth    ..........             (no amulet)
HPRegen  0.20/turn              (no ring)
MPRegen  0.00/turn              (no ring)

@: flying
A: sickness immunity, fire resistance 2, cold vulnerability 1, float, innate
caster, hp casting, extra vitality 1
a: no special abilities


You were on level 5 of the Dungeon.
You visited 1 branch of the dungeon, and saw 5 of its levels.

You collected 281 gold pieces.

Inventory:

Hand Weapons
 a - a +0 long sword
 f - a +3 short sword
 h - a +1 fustibalus
 r - a +4 dagger
 v - a +0 great sword (weapon)
 y - a +1 flail of holy wrath
Missiles
 k - 18 poisoned darts
 x - a throwing net (quivered)
Armour
 b - a +0 leather armour
 c - a +0 helmet (worn)
 z - a +3 chain mail of willpower (worn)
Jewellery
 u - a +4 ring of slaying
Scrolls
 e - a scroll of amnesia
 i - a scroll of torment {unknown}
 j - a scroll of brand weapon {unknown}
 o - 2 scrolls of enchant armour {unknown}
 p - 5 scrolls of identify {unknown}
 q - a scroll of fog {unknown}
 t - a scroll of teleportation
 w - a scroll of blinking {unknown}
Potions
 d - 3 potions of attraction {unknown}
 g - 2 potions of curing
 l - a potion of heal wounds
 m - a potion of resistance {unknown}
 n - a potion of ambrosia {unknown}
 s - a potion of mutation {unknown}


   Skills:
 * Level 6.4 Fighting
 + Level 4.7 Long Blades
 - Level 1.6 Throwing
 + Level 5.7 Dodging


You had one spell level left.
You knew the following spells:

 Your Spells              Type           Power      Damage    Failure   Level
a - Corona                Hex            0%         N/A       100%        1
b - Wereblood             Tmut           0%         N/A       100%        2
c - Teleport Other        Tloc           0%         N/A       100%        3
Your spell library was empty.


Dungeon Overview and Level Annotations

Branches:
Dungeon (5/15)             Temple (0/1) D:5

Altars:

Shops:
D:3 (


Innate Abilities, Weirdness & Mutations

You are immune to sickness and miasma.
You are immune to poison.
Your flesh is very heat resistant. (rF++)
You are vulnerable to cold. (rC-)
You float through the air rather than walking.
You learn spells naturally, not from books.
Your magical power is your life essence.
You have superior vitality. (+4 HP)


Message History

You closely miss the orc.
The orc priest hits you with a +0 dagger.
* * * LOW HITPOINT WARNING * * *
The orc barely misses you.
You riposte.
You hit the orc.
The orc is almost dead.
Your chain mail prevents you from hitting the orc.
The orc is almost dead.
The orc priest hits you but does no damage.
The orc hits you but does no damage. The orc barely misses you.
The orc priest calls upon Beogh to heal the orc.
The orc is healed somewhat.
The orc closely misses you.
You barely miss the orc.
The orc is lightly wounded.
The orc hits you but does no damage.
The orc priest hits you but does no damage.
The orc barely misses you.
The orc hits you from afar with a +0 trident.
* * * LOW HITPOINT WARNING * * *
The orc hits you but does no damage.
You completely miss the orc.
The orc is lightly wounded.
The orc priest barely misses you. The orc hits you but does no damage. x2
The orc barely misses you.
You riposte.
You barely miss the orc.
The orc is lightly wounded.
The orc priest hits you but does no damage.
The orc hits you with a +0 falchion.
* * * LOW HITPOINT WARNING * * *
The orc barely misses you.
You slash the orc!
You kill the orc!
The orc priest looks encouraged for a moment.
The orc hits you but does no damage. The orc closely misses you.
You closely miss the orc priest.
The orc priest mumbles some strange prayers to Beogh against you.
Pain shoots through your body!
* * * LOW HITPOINT WARNING * * *
The orc closely misses you. The orc hits you but does no damage.
The orc priest calls down the wrath of Beogh upon you.
Beogh smites you!
You die...

..................#...#...##.....
..............#..##.8.# #.....
#######.........##..... ........
#..............##..#.#.. #.......
#.................# .##..........
#................##...# ....#####
#.......####...8)o..>.o 8.. #
######### #?...o##.. .. #
###.)@)# # #....##o.# # #.....
#.... # ........ #.8.# #
.......... ...# .......... ....
.......... ... $.#


You could see an orc priest and 2 orcs.

Vanquished Creatures
  Edmund (D:4)
  An ogre (D:4)
  A necrophage (D:4)
  A scorpion (D:4)
  2 hounds
  A centaur zombie (D:5)
  An orc priest (D:5)
  2 orc wizards
  A hound zombie (D:5)
  8 gnolls
  6 adders
  A white imp (D:5)
  2 ufetubi
  An adder zombie (D:5)
  An adder skeleton (D:4)
  2 worms (D:2)
  6 dart slugs
  19 orcs
  6 bats
  5 endoplasms
  4 giant cockroaches
  4 goblins
  6 hobgoblins
  4 jackals (D:1)
  5 kobolds
  5 quokkas
  8 ball pythons
  5 frilled lizards
  4 rats
113 creatures vanquished.

Vanquished Creatures (others)
  10 plants (D:2)
10 creatures vanquished.

Grand Total: 123 creatures vanquished

Notes
Turn   | Place    | Note
-------+----------+-------------------------------------------
     0 | D:1      | Nattfarinn the Djinni Gladiator began the quest for the
                  | Orb.
     0 | D:1      | Reached XP level 1. HP: 18/18 MP: 0/0
   254 | D:1      | Reached XP level 2. HP: 21/23 MP: 0/0
   842 | D:1      | Reached XP level 3. HP: 29/29 MP: 0/0
   842 | D:1      | Learned a level 1 spell: Corona
  1120 | D:1      | Found a faded altar of an unknown god.
  1550 | D:2      | Reached skill level 3 in Fighting
  1834 | D:2      | Reached XP level 4. HP: 35/35 MP: 0/0
  2587 | D:3      | Found Wotziej's Antique Weapon Shop.
  2649 | D:3      | Reached XP level 5. HP: 35/41 MP: 0/0
  2649 | D:3      | Learned a level 2 spell: Wereblood
  2683 | D:3      | Reached skill level 4 in Fighting
  3634 | D:4      | Noticed a necrophage
  3657 | D:4      | Killed a necrophage
  3658 | D:4      | Reached XP level 6. HP: 29/48 MP: 0/0
  3853 | D:4      | HP: 1/48 [orc (2)]
  4209 | D:4      | Noticed an ogre
  4223 | D:4      | Killed an ogre
  4224 | D:4      | Reached skill level 5 in Fighting
  4224 | D:4      | Reached XP level 7. HP: 20/54 MP: 0/0
  4224 | D:4      | Learned a level 3 spell: Teleport Other
  4582 | D:4      | Reached skill level 5 in Dodging
  4650 | D:4      | Noticed Edmund
  4722 | D:4      | Killed Edmund
  5281 | D:5      | Entered Level 5 of the Dungeon
  5555 | D:5      | Identified the +0 robe of Uskayaw's Envy {rF- Dex+7 SInv}
  5910 | D:5      | Reached skill level 6 in Fighting
  5924 | D:5      | Reached XP level 8. HP: 53/61 MP: 0/0
  5982 | D:5      | Found a staircase to the Ecumenical Temple.
  6009 | D:5      | HP: 2/62 [orc priest/nerve-wracking pain (9)]
  6009 | D:5      | Killed from afar by an orc priest

Illustrated notes

Levels and vault maps discovered:
D:1:      lemuel_arrival_lava_pool, layout_loops_ring,
          dilly_ecumenical_altar_fadedgnrine
D:2:      layout_rooms, serial_bayou, serial_bayou_pond_e,
          serial_bayou_lagoon_b, serial_bayou_crossing, serial_bayou_pond_d
D:3:      layout_loops_ring, serial_shops, nicolae_diamond_shop,
          gup_sewer_entry_spiral
D:4:      layout_loops_ring, chequers_serial_rivers_micro_c, uniq_edmund
D:5:      layout_basic, minmay_temple_entry_waves, serial_shops,
          nicolae_shop_overgrown_old_shop

Skill      XL: |  1  2  3  4  5  6  7 |
---------------+----------------------+-----
Long Blades    | 3 4 |  4.7
Fighting       | 3 4 5 6 |  6.4
Dodging        | 4 5 |  5.7
Throwing       | |  1.6

Action                   |  1- 3 |  4- 6 |  7- 9 || total
-------------------------+-------+-------+-------++-------
Melee: Long sword        |   103 |    73 |       ||   176
       Short sword       |       |   105 |     3 ||   108
       Great sword       |       |       |   101 ||   101
Throw: Throwing net      |       |       |     3 ||     3
  Use: Scroll            |       |     6 |       ||     6
       Potion            |       |     2 |       ||     2
 Stab: Sleeping          |     2 |       |       ||     2
Armor: Leather armour    |    38 |    42 |     1 ||    81
       Chain mail        |       |       |   122 ||   122
Dodge: Dodged            |    80 |   150 |    91 ||   321
       Rpst.: Long sword |    30 |    18 |       ||    48
       Great sword       |       |       |    28 ||    28

Table legend: (Time is in decaauts)
 A = Elapsed time spent in this place.
 B = Non-inter-level travel time spent in this place.
 C = Inter-level travel time spent in this place.
 D = Time resting spent in this place.
 E = Time spent auto-exploring this place.
 F = Levels seen in this place.
 G = Mean time per level.
                   A        B        C        D        E       F      G
               +--------+--------+--------+--------+--------+-----+--------+
         Total |   6101 |   5855 |    246 |   1225 |   3653 |   5 | 1220.2 |
       Dungeon |   6101 |   5855 |    246 |   1225 |   3653 |   5 | 1220.2 |
               +--------+--------+--------+--------+--------+-----+--------+

Top non-repeatable levels by time:
     D:4: 1971 daAuts
     D:1: 1389 daAuts
     D:2: 1182 daAuts
     D:3: 1099 daAuts
     D:5: 459 daAuts
